 Dungeon Crawl Stone Soup version 0.21.1-1-g345015f (webtiles) character file.

9417 Fang the Fighter (level 11, -4/71 HPs)
             Began as a Gargoyle Berserker on May 6, 2018.
             Was an Elder of Trog.
             Slain by a troll (9 damage)
             ... on level 9 of the Dungeon.
             The game lasted 00:12:53 (8931 turns).

Fang the Fighter (Gargoyle Berserker)               Turns: 8931, Time: 00:12:54

Health: -4/71      AC: 14    Str: 30    XL:     11   Next: 46%
Magic:  11/11      EV: 15    Int:  8    God:    Trog [****..]
Gold:   481        SH:  2    Dex: 11    Spells: 10/10 levels left

rFire    . . .     SeeInvis .   e - +3 battleaxe
rCold    . . .     Gourm    .   (shield currently unavailable)
rNeg     + . .     Faith    .   b - +2 animal skin
rPois    ∞         Spirit   .   p - +2 hat
rElec    +         Reflect  +   (no cloak)
rCorr    .         Harm     .   (no gloves)
MR       .....                  (no boots)
Stlth    +++.......             x - +2 amulet of reflection
HPRegen  0.21/turn              m - +6 ring of strength
MPRegen  0.12/turn              t - +2 ring of dexterity

@: berserk cooldown, slowed, very slow
A: negative energy resistance 1, electricity resistance, unbreathing,
petrification resistance, rot immunity, AC +8
a: Berserk, Trog's Hand, Brothers in Arms, Burn Spellbooks, Renounce Religion


You were on level 9 of the Dungeon.
You worshipped Trog.
Trog was greatly pleased with you.
You were near starving.

You visited 1 branch of the dungeon, and saw 9 of its levels.

You collected 481 gold pieces.

Inventory:

Hand Weapons
 e - a +3 battleaxe (weapon)
 q - a +2 falchion of slicing
 w - a +3 whip of flaming
Armour
 b - a +2 animal skin (worn)
 p - a +2 hat (worn)
Jewellery
 m - a +6 ring of strength (left hand)
 t - a +2 ring of dexterity (right hand)
 x - a +2 amulet of reflection (around neck)
 A - an uncursed amulet of guardian spirit {unknown}
Wands
 d - a wand of iceblast (6)
 l - a wand of clouds (4)
 n - a wand of digging (7)
 C - a wand of polymorph (10)
Scrolls
 h - 2 scrolls of teleportation
 k - 2 scrolls of blinking
 s - 2 scrolls of remove curse
 u - a scroll of identify
Potions
 f - 3 potions of might
 g - 4 potions of resistance
 i - 5 potions of curing
 j - 2 potions of magic
 o - 2 potions of mutation
 r - 3 potions of berserk rage
 v - a potion of brilliance
 B - a potion of haste {unknown}
Comestibles
 c - 13 rations


   Skills:
 + Level 9.0 Fighting
 + Level 7.3 Long Blades
 + Level 7.8(8.7) Axes
 + Level 6.6(8.6) Maces & Flails
 + Level 2.4 Armour
 + Level 7.4 Dodging
 + Level 7.5 Stealth


You had 10 spell levels left.
You didn't know any spells.

Dungeon Overview and Level Annotations

Branches:
Dungeon (9/15)             Temple (0/1) D:7            Lair (0/6) D:9
    Orc: D:9-12

Altars:
Cheibriados
Dithmenos
Elyvilon
Qazlal
Sif Muna
The Shining One

Shops:
D:5 ?


Innate Abilities, Weirdness & Mutations

You are resistant to torment.
Your stone body is resilient. (AC +8)
You are immune to poison.
You resist negative energy. (rN+)
You are resistant to electric shocks. (rElec)
You can survive without breathing.
You are immune to petrification.
You are immune to rotting.


Message History

* * * LOW HITPOINT WARNING * * *
The troll claws you but does no damage.
Your polar bear goes berserk!
You are near starving!
The troll misses you. The troll claws you.
* * * LOW HITPOINT WARNING * * *
The troll claws you but does no damage. The troll misses you.
The troll barely misses you. The troll claws you but does no damage.
Unknown command.
You're still recovering from your berserk rage.
You hit the troll but do no damage.
The troll is lightly wounded.
Your polar bear barely misses the troll.
Your polar bear claws the troll but does no damage.
Your polar bear claws the troll.
The troll bites you!
* * * LOW HITPOINT WARNING * * *
The troll closely misses you. x2; Your polar bear bites the troll!!
Your polar bear claws the troll.
Your polar bear misses the troll.
The troll bites you!
You die...

###########
#..@$......
#..Th.##...
#.#...##...
#.#........
#..).......
#........##
#....#####
#....#
#....#


You could see a troll and a friendly polar bear (berserk).

Vanquished Creatures
  2 two-headed ogres (D:9)
  Erica (D:9)
  Pikel (D:7)
  An elephant (D:9)
  A hippogriff (D:8)
  A yak (D:9)
  A vampire (D:7)
  2 basilisks (D:9)
  A hungry ghost (D:9)
  2 orc warriors (D:7)
  An ice beast (D:7)
  2 sky beasts
  4 phantoms
  4 ogres
  A centaur (D:7)
  A necrophage (D:5)
  A big kobold (D:7)
  5 bullfrogs
  5 scorpions
  5 killer bees (D:8)
  5 wights (D:9)
  2 crimson imps (D:8)
  5 howler monkeys
  2 hounds
  3 jellies
  3 bullfrog skeletons
  A centaur skeleton (D:5)
  3 orc priests
  5 orc wizards
  2 iguanas
  7 worker ants
  2 hound zombies
  8 adders
  15 gnolls
  2 shadow imps
  An adder zombie (D:7)
  An adder skeleton (D:6)
  A worm (D:1)
  5 leopard geckos
  14 orcs
  9 bats
  7 giant cockroaches
  5 goblins
  5 hobgoblins
  7 jackals
  7 kobolds
  5 quokkas
  A ball python skeleton (D:5)
  5 frilled lizards
  A jackal zombie (D:5)
  A leopard gecko skeleton (D:5)
  A quokka skeleton (D:4)
  A quokka zombie (D:5)
  10 rats
194 creatures vanquished.

Vanquished Creatures (collateral kills)
  A hound (D:9)
1 creature vanquished.

Vanquished Creatures (others)
  A slave (D:7)
  2 orcs (D:7)
3 creatures vanquished.

Grand Total: 198 creatures vanquished

Notes
Turn   | Place    | Note
-------+----------+-------------------------------------------
     0 | D:1      | Fang the Gargoyle Berserker began the quest for the Orb.
     0 | D:1      | Reached XP level 1. HP: 14/14 MP: 1/1
    54 | D:1      | Reached XP level 2. HP: 13/19 MP: 2/2
   550 | D:1      | Reached ** piety under Trog
   728 | D:1      | Reached XP level 3. HP: 18/24 MP: 3/3
   937 | D:1      | Reached skill level 4 in Fighting
   937 | D:1      | Reached XP level 4. HP: 15/29 MP: 4/4
  1871 | D:3      | Reached XP level 5. HP: 31/33 MP: 5/5
  2006 | D:3      | Found a white marble altar of Elyvilon.
  2150 | D:4      | Noticed an ogre
  2155 | D:4      | Killed an ogre
  2259 | D:4      | Noticed an ogre
  2264 | D:4      | Killed an ogre
  2264 | D:4      | Reached XP level 6. HP: 39/39 MP: 6/6
  2321 | D:4      | Reached skill level 1 in Stealth
  2362 | D:4      | Reached skill level 5 in Axes
  2379 | D:4      | Reached *** piety under Trog
  2509 | D:4      | Found a glowing golden altar of the Shining One.
  2524 | D:4      | Reached XP level 7. HP: 41/44 MP: 7/7
  3012 | D:4      | Reached skill level 1 in Long Blades
  3232 | D:5      | Entered Level 5 of the Dungeon
  3237 | D:5      | Found Beavin's Magic Scroll Boutique.
  3330 | D:5      | Reached skill level 5 in Fighting
  3330 | D:5      | Reached XP level 8. HP: 42/49 MP: 8/8
  5595 | D:7      | Found a stormy altar of Qazlal.
  5608 | D:7      | Noticed Pikel
  5620 | D:7      | Killed Pikel
  5620 | D:7      | Reached skill level 6 in Fighting
  5620 | D:7      | Reached skill level 5 in Long Blades
  5620 | D:7      | Reached XP level 9. HP: 55/55 MP: 9/9
  5643 | D:7      | Reached skill level 5 in Dodging
  5734 | D:7      | Reached **** piety under Trog
  5820 | D:7      | Reached skill level 8 in Fighting
  5820 | D:7      | Reached XP level 10. HP: 63/64 MP: 10/10
  5893 | D:7      | Found a staircase to the Ecumenical Temple.
  6059 | D:7      | Found a snail-covered altar of Cheibriados.
  6108 | D:7      | Found a deep blue altar of Sif Muna.
  6168 | D:7      | Found a shadowy altar of Dithmenos.
  7333 | D:8      | Reached skill level 5 in Maces & Flails
  7753 | D:9      | Noticed an elephant
  7754 | D:9      | Found a staircase to the Lair.
  7772 | D:9      | Killed an elephant
  7772 | D:9      | Reached ***** piety under Trog
  7772 | D:9      | Reached XP level 11. HP: 69/69 MP: 11/11
  8049 | D:9      | HP: 2/69 [hound (4)]
  8529 | D:9      | Noticed Erica
  8539 | D:9      | Killed Erica
  8561 | D:9      | Noticed a two-headed ogre
  8568 | D:9      | Killed a two-headed ogre
  8910 | D:9      | Noticed a two-headed ogre
  8916 | D:9      | Killed a two-headed ogre
  8916 | D:9      | Reached skill level 9 in Fighting
  8931 | D:9      | Slain by a troll

Skill      XL: |  1  2  3  4  5  6  7  8  9 10 11 |
---------------+----------------------------------+-----
Axes           | 3 4 5 7 |  7.8
Fighting       | 4 5 6 8 9 |  9.0
Dodging        | 2 3 4 6 7 |  7.4
Stealth        | 1 2 3 6 7 |  7.5
Long Blades    | 1 5 7 |  7.3
Maces & Flails | 4 5 6 |  6.6
Armour         | |  2.4

Action                   |  1- 3 |  4- 6 |  7- 9 | 10-12 || total
-------------------------+-------+-------+-------+-------++-------
Melee: Hand axe          |    71 |   173 |     2 |       ||   246
       Mace              |       |     5 |       |       ||     5
       Falchion          |       |       |   175 |       ||   175
       Whip              |       |       |    60 |   293 ||   353
       Battleaxe         |       |       |       |    37 ||    37
Invok: Berserk           |     3 |     2 |     4 |     4 ||    13
       Burn Spellbooks   |       |       |     2 |     1 ||     3
       Brothers in Arms  |       |       |       |     2 ||     2
  Use: Scroll            |       |    10 |     8 |     3 ||    21
       Potion            |       |       |     1 |     3 ||     4
 Stab: Sleeping          |       |     1 |     2 |    11 ||    14
  Eat: Chunk             |     2 |     8 |     5 |    11 ||    26
       Ration            |       |       |     3 |     1 ||     4
Armor: Animal skin       |    39 |    98 |    77 |   137 ||   351
Dodge: Dodged            |    71 |   147 |   132 |   278 ||   628
Block: Other             |       |       |       |    22 ||    22
       Rpst.: Falchion   |       |       |    31 |       ||    31
